[Event "*** Biggest EVER Titled Tuesday"]
[Site "Chess.com"]
[Date "2018.04.17"]
[Round "4"]
[White "MITerryble"]
[Black "Gajuchess"]
[Result "1-0"]
[WhiteElo "2651"]
[BlackElo "2588"]
[TimeControl "180+2"]
[EndTime "13:51:51 PDT"]
[Termination "MITerryble won by resignation"]

1. d4 Nf6 2. Nf3 e6 3. c4 d5 4.
e3 Nbd7 5. b3 b6 6. Bb2 Bd6 7. Bd3 Bb7 8. O-O O-O 9. Nbd2 Ne4 10. Qe2 Qf6 11. cxd5 exd5 12. Ba6 Bxa6 13. Qxa6 Qh6 14.
g3 Nxd2 15. Nxd2 Nf6 16. Kg2 Rfe8 17. Nf3 Ng4 18. h3 Nf6 19. Rac1 Ne4 20. Qb7 Rad8 21. Ne5 Bxe5 22. dxe5 c5 23. Rcd1 Qe6 24. h4 c4 25.
bxc4 Nc5 26. cxd5 Nxb7 27. dxe6 fxe6 28. Ba3 Rxd1 29. Rxd1 Rd8 30. Rc1 Rd2 31. Rc8+ Kf7 32.
Rc7+ 1-0

[Event "*** Biggest EVER Titled Tuesday"]
[Site "Chess.com"]
[Date "2018.04.17"]
[Round "4"]
[White "leclash"]
[Black "underdogchss"]
[Result "0-1"]
[WhiteElo "2339"]
[BlackElo "2382"]
[TimeControl "180+2"]
[EndTime "13:51:51 PDT"]
[Termination "underdogchss won by resignation"]

1. d4 Nf6 2. c4 e6 3. Nc3 Bb4 4. Qc2 O-O 5. e4 d5 6. e5 Ne4 7. Bd3 c5 8. cxd5 exd5 9. Ne2 cxd4 10. Nxd4 Nd7 11. f4 Ndc5 12. O-O Bxc3 13. bxc3 b6 14. f5 Re8 15. f6 Rxe5 16. Nc6 Qe8 17. Nxe5 Qxe5 18.
Bf4 Qxf6 19. Bd2 Qe5 20. Rae1 Bd7 21. c4 Qd4+ 22. Kh1 Qxd3 23. Qxd3 Nxd3 24. Re2 Nxd2 25.
Rxd2 dxc4 0-1

[Event "*** Biggest EVER Titled Tuesday"]
[Site "Chess.com"]
[Date "2018.04.17"]
[Round "4"]
[White "carlesdc96"]
[Black "Mikhail_Golubev"]
[Result "1-0"]
[WhiteElo "2470"]
[BlackElo "2411"]
[TimeControl "180+2"]
[EndTime "13:51:57 PDT"]
[Termination "carlesdc96 won by resignation"]

1. e4 c5 2. Nf3 d6 3. Bb5+ Bd7 4. Bxd7+ Nxd7 5. O-O Ngf6 6. Qe2 g6 7. b3 Bg7 8. Bb2 O-O 9. d4 cxd4 10. Nxd4 e6 11. c4 Nh5 12. Rd1 d5 13. exd5 exd5 14. cxd5 Re8 15. Qd2 Nb6 16. Nf3 Bxb2 17. Qxb2 Nf4 18. d6 Rc8 19. Nbd2 Re2 20. Qd4 Nbd5 21. Kh1 Qxd6 22.
Ne4 Qe6 23. Ng3 Rec2 24. Re1 Qg4 25. Ne5 Qh4 26. Nd7 Rd8 27. Re4 Rc7 28. Rae1 Ne6 29.
Qxd5 Rcxd7 30. Qxd7 1-0

[Event "*** Biggest EVER Titled Tuesday"]
[Site "Chess.com"]
[Date "2018.04.17"]
[Round "4"]
[White "FMJoseHerrera"]
[Black "AbdAlAgathos"]
[Result "0-1"]
[WhiteElo "2474"]
[BlackElo "2329"]
[TimeControl "180+2"]
[EndTime "13:52:04 PDT"]
[Termination "AbdAlAgathos won by resignation"]

1. Nf3 Nf6 2. g3 g6 3. Bg2 Bg7 4. O-O d5 5. d3 O-O 6. c3 Re8 7. a3 e5 8. Ne1 c6 9. Nd2 Nbd7 10.
Qc2 a5 11. b3 Nc5 12. Bb2 e4 13. d4 Ne6 14. e3 h5 15. c4 h4 16. Qd1 Ng5 17.
Bc1 Bg4 18. f3 exf3 19. Ndxf3 hxg3 20. hxg3 Nfe4 21. Kh2 Qd6 22. Ra2 Nxg3 23. Kg1 Nxf1 24. Kxf1 Qg3 25. cxd5 cxd5 26. Rf2 Ne4 27. Ra2 Rac8 28.
Nd3 Nc3 29. Qd2 Nxa2 30. Qxa2 Bxf3 31. Qf2 Qxg2+ 32. Qxg2 Bxg2+ 33. Kxg2 Rc3 34. Kf3 Rxd3 0-1

[Event "*** Biggest EVER Titled Tuesday"]
[Site "Chess.com"]
[Date "2018.04.17"]
[Round "4"]
[White "Nutflush"]
[Black "sandager"]
[Result "1-0"]
[WhiteElo "2040"]
[BlackElo "1941"]
[TimeControl "180+2"]
[EndTime "13:52:04 PDT"]
[Termination "Nutflush won by resignation"]

1. e4 e5 2. Nf3 Nc6 3. Bc4 Bc5 4. c3 Nf6 5. d4 exd4 6. O-O Nxe4 7. cxd4 Be7 8. d5 Nd6 9. Bb3 Na5 10. Bc2 O-O 11.
Qd3 g6 12. Bh6 Re8 13. Qc3 Bf6 14. Qxa5 Ne4 15. Nc3 Nxc3 16. bxc3 d6 17. Rae1 Bg4 18. Qb4 Bxf3 19. gxf3 Qd7 20. Qf4 Bxc3 21. Re4 Qh3 22. Bg5 Be5 23. Qh4 Bxh2+ 24. Kh1 Qxf1+ 25. Kxh2 Rxe4 26. Bxe4 h5 27. Be3 Qa1 28. Qg5 Qg7 29. Qe7 Rc8 30. Qd7 Qf8 31. Bd4 Qe8 32. Qh3 f5 33. Bxf5 gxf5 34. Qg3+ 1-0

[Event "*** Biggest EVER Titled Tuesday"]
[Site "Chess.com"]
[Date "2018.04.17"]
[Round "4"]
[White "TBergh98"]
[Black "Zhani-Z"]
[Result "0-1"]
[WhiteElo "2236"]
[BlackElo "2409"]
[TimeControl "180+2"]
[EndTime "13:52:05 PDT"]
[Termination "Zhani-Z won by checkmate"]

1. d4 Nf6 2. Bg5 d5 3. Bxf6 exf6 4. g3 c6 5. Bg2 f5 6. e3 Nd7 7.
Ne2 Nf6 8. Nd2 Bd6 9. O-O O-O 10. c4 dxc4 11. Nxc4 Bc7 12. a3 Be6 13. Rc1 Bd5 14. Nf4 Bxg2 15. Kxg2 Nd5 16. Nxd5 Qxd5+ 17. Kg1 Rfe8 18.
b4 g6 19. Nd2 h5 20. Rc5 Qd7 21. Qb3 h4 22. Rfc1 Bd6 23. R5c2 Re7 24. a4 Rae8 25. b5 hxg3 26. hxg3 Bxg3 27. bxc6 bxc6 28. Nf1 Bb8 29. Rxc6 Kg7 30. Nd2 f4 31. exf4 Bxf4 32. Qc3 Qg4+ 33. Kf1 Bxd2 34. Qxd2 Qh3+ 35. Kg1 Re4 36.
R6c3 Rg4+ 37. Rg3 Rxg3+ 38. fxg3 Qxg3+ 39. Kf1 Re4 40. Qa5 Rf4+ 41. Ke2 Rf2+ 42. Kd1 Qd3+ 43. Ke1 Qe2# 0-1

[Event "*** Biggest EVER Titled Tuesday"]
[Site "Chess.com"]
[Date "2018.04.17"]
[Round "4"]
[White "ArnaudovP"]
[Black "SergeiAza"]
[Result "1/2-1/2"]
[WhiteElo "2477"]
[BlackElo "2640"]
[TimeControl "180+2"]
[EndTime "13:52:07 PDT"]
[Termination "Game drawn by repetition"]

1. Nf3 Nf6 2. c4 e6 3. g3 d5 4. Bg2 d4 5. O-O c5 6. e3 Nc6 7. exd4 cxd4 8. d3 Bd6 9. Bg5 h6 10.
Bxf6 Qxf6 11. Re1 O-O 12. Na3 e5 13. Nd2 Bxa3 14. bxa3 Qg6 15. Be4 Bf5 16. Qb3 Rab8 17. f3 Bxe4 18. fxe4 b6 19. Rf1 Na5 20. Qb5 Qe6 21.
Nf3 f6 22. Nh4 Nb7 23. Rf3 Nc5 24. Qb2 a6 25. Raf1 b5 26. cxb5 Rxb5 27. Qc2 Rfb8 28.
Nf5 Kh7 29. Qc1 Na4 30. Nxg7 Kxg7 31. Rxf6 Qxf6 32. Qc7+ Kg6 33. Rxf6+ Kxf6 34. Qd6+ Kf7 35. Qd7+ Kf8 36. Qd6+ Kf7 37. Qd7+ Kf8 38. Qd6+ Kf7 39.
Qd7+ 1/2-1/2

[Event "*** Biggest EVER Titled Tuesday"]
[Site "Chess.com"]
[Date "2018.04.17"]
[Round "4"]
[White "ChadBiryani"]
[Black "pedromartinez91"]
[Result "1-0"]
[WhiteElo "2258"]
[BlackElo "2411"]
[TimeControl "180+2"]
[EndTime "13:52:11 PDT"]
[Termination "ChadBiryani won by resignation"]

1. d4 d5 2. Bf4 c5 3. e3 Nc6 4.
Nf3 Nf6 5. c3 Qb6 6. Qb3 c4 7.
Qc2 Bf5 8. Qc1 Nh5 9. Bg5 f6 10.
Bh4 e5 11. Nbd2 e4 12. Ng1 Qd8 13. Be2 g6 14. g4 Ng7 15. gxf5 Nxf5 16. Bg3 h5 17. h4 Nxg3 18. fxg3 Bd6 19. Nf1 Qc7 20. b3 Bxg3+ 21. Kd1 b5 22. a4 Na5 23. bxc4 Nb3 24.
Qb2 Nxa1 25. Qxb5+ Kf8 26. Qb2 dxc4 27. Qxa1 Bd6 28.
Nd2 Kg7 29. Nxc4 Be7 30. Nh3 g5 31. Qb1 Qd7 32. Qxe4 Rae8 33. hxg5 fxg5 34. Ne5 Qxa4+ 35. Ke1 Qa6 36. Bxa6 1-0

[Event "*** Biggest EVER Titled Tuesday"]
[Site "Chess.com"]
[Date "2018.04.17"]
[Round "4"]
[White "nochewycandy"]
[Black "BjarkeSahl"]
[Result "0-1"]
[WhiteElo "2068"]
[BlackElo "2207"]
[TimeControl "180+2"]
[EndTime "13:52:14 PDT"]
[Termination "BjarkeSahl won by resignation"]

1. c4 e5 2. g3 Nf6 3. Bg2 h5 4. Nf3 e4 5. Nd4 Nc6 6. Nxc6 bxc6 7. d3 Bb4+ 8. Nc3 Qe7 9. Bg5 h4 10. Bxh4 e3 11. O-O Rxh4 12. gxh4 Ng4 13. f3 Nf2 14. Rxf2 exf2+ 15. Kxf2 Bc5+ 16. d4 Qxh4+ 17. Ke3 Qg5+ 18. Kf2 Qh4+ 19. Ke3 Be7 20. Ne4 d5 21. cxd5 cxd5 22.
Nd2 Bf5 23. Qa4+ Kf8 24. f4 g5 25. Nf3 Qxf4+ 26. Kf2 g4 27. e3 Bh4+ 28. Kf1 Bd3+ 29. Kg1 Qxe3+ 30. Kh1 gxf3 31. Bh3 Be4 32. Qb4+ Be7 33.
Qa5 Bd6 34. Rf1 f2+ 35. Bg2 Qh3 0-1

[Event "*** Biggest EVER Titled Tuesday"]
[Site "Chess.com"]
[Date "2018.04.17"]
[Round "4"]
[White "RojonR"]
[Black "Rish_97"]
[Result "0-1"]
[WhiteElo "2388"]
[BlackElo "2289"]
[TimeControl "180+2"]
[EndTime "13:52:20 PDT"]
[Termination "Rish_97 won by resignation"]

1. e4 e5 2. Nf3 Nc6 3. Bc4 Bc5 4. c3 Nf6 5. d3 a6 6. a4 Ba7 7. O-O d6 8. Nbd2 O-O 9. Re1 Ng4 10. Re2 Kh8 11.
h3 Nh6 12. Nf1 f5 13. Bxh6 gxh6 14. exf5 Bxf5 15. Bd5 Qe7 16. Ng3 Qg7 17. Nxf5 Rxf5 18.
Kh1 Raf8 19. Qd2 Ne7 20. Bxb7 Ng6 21. Rg1 Nf4 22. Ree1 Rh5 23. d4 Rg8 24. Nh2 d5 25. dxe5 Qg5 26. e6 Nxh3 27. gxh3 Qxd2 28. e7 Rxg1+ 29. Rxg1 Re5 30. Nf3 Qe2 31. Bxd5 Rxd5 0-1

[Event "*** Biggest EVER Titled Tuesday"]
[Site "Chess.com"]
[Date "2018.04.17"]
[Round "4"]
[White "amintabatabaei"]
[Black "djogrodek1"]
[Result "0-1"]
[WhiteElo "2629"]
[BlackElo "2471"]
[TimeControl "180+2"]
[EndTime "13:52:25 PDT"]
[Termination "djogrodek1 won by resignation"]

1. g3 d5 2. Bg2 c6 3. Nf3 Bg4 4. O-O e6 5. d4 Nd7 6. Nbd2 Ngf6 7. Re1 Be7 8. e4 O-O 9. c3 a5 10. a4 Rc8 11. Qe2 Nxe4 12. Nxe4 dxe4 13. Qxe4 Bf5 14. Qe2 c5 15. Be3 Qb6 16. dxc5 Bxc5 17. Nd4 Bg6 18. Rad1 Rfd8 19. h4 Nf6 20. g4 h5 21. f3 e5 22.
Nf5 Rxd1 23. Ne7+ Kh7 24. Rxd1 Bxe3+ 25. Kh1 Re8 26. Nxg6 fxg6 27. g5 Ng8 28. Rd7 Ne7 29. Qc4 Bf4 30. Qe2 Nf5 31. Qe1 Ng3+ 32. Kh2 Ne4+ 33.
Kh1 Nf2+ 0-1

[Event "*** Biggest EVER Titled Tuesday"]
[Site "Chess.com"]
[Date "2018.04.17"]
[Round "4"]
[White "tigra"]
[Black "AvitalBor"]
[Result "1-0"]
[WhiteElo "2692"]
[BlackElo "2580"]
[TimeControl "180+2"]
[EndTime "13:52:26 PDT"]
[Termination "tigra won by checkmate"]

1. e4 e5 2. f4 Bc5 3. Nf3 d6 4. c3 Bg4 5. d4 exd4 6. cxd4 Bxf3 7. gxf3 Qh4+ 8. Ke2 Bb6 9. Be3 Ne7 10. Rg1 Nbc6 11. Nc3 O-O-O 12. d5 Na5 13. Bxb6 axb6 14. b4 Nc4 15. Qb3 Ng6 16. Qxc4 Qxh2+ 17. Bg2 Nxf4+ 18. Kf1 Rhe8 19. Ne2 Ng6 20. Rh1 Qe5 21. Rc1 Re7 22. Rxh7 Rh8 23. Rxh8+ Nxh8 24. Qd4 Qg5 25. f4 Qh4 26.
Qxg7 Ng6 27. Qg8+ Kd7 28. Qb8 c6 29. Qxb7+ Ke8 30. Qc8# 1-0

[Event "*** Biggest EVER Titled Tuesday"]
[Site "Chess.com"]
[Date "2018.04.17"]
[Round "4"]
[White "vuqaresedli"]
[Black "Mimsychess"]
[Result "0-1"]
[WhiteElo "2261"]
[BlackElo "2303"]
[TimeControl "180+2"]
[EndTime "13:52:26 PDT"]
[Termination "Mimsychess won by resignation"]

1. e4 c6 2. d4 d5 3. e5 Bf5 4. Nf3 e6 5. Be2 Nd7 6. Nbd2 Ne7 7. Nb3 h6 8. O-O Qc7 9. Bd2 g5 10. Bb4 Ng6 11. Bxf8 Kxf8 12. Ne1 Nf4 13. Nd3 Nxe2+ 14.
Qxe2 Kg7 15. g4 Be4 16. f3 Bxd3 17. cxd3 Nf8 18. f4 Ng6 19. f5 Nf4 20. Rxf4 gxf4 21. Rf1 Qd8 22. f6+ Kh7 23. Rxf4 Rg8 24. h4 Rg6 25.
Kh2 Qg8 26. Nd2 Rc8 27. b4 b6 28. g5 c5 29. Qh5 cxb4 30. Nf3 Rc2+ 31. Kh1 Rf2 32. Kg1 Rxa2 33. Kf1 b3 34. Qg4 b2 35. Nd2 Ra1+ 36. Kf2 b1=Q 37. Nxb1 Rxb1 38. Ke3 hxg5 39.
hxg5 Rh1 40. Rf1 Rh2 41. Rf2 Rhh6 42. Rg2 Kh8 43. Kf4 Rh7 44. Ra2 a5 45. Rb2 Rh1 46.
Rxb6 Rf1+ 47. Ke3 Re1+ 48. Kd2 Rh1 49. Qf3 Rh7 50. Qf1 Rxg5 51. Qb1 Rh2+ 52. Kc3 Qc8+ 53. Kb3 Rgg2 54. Ka4 Ra2+ 55. Kb5 Rhb2+ 56. Qxb2 Rxb2+ 0-1

[Event "*** Biggest EVER Titled Tuesday"]
[Site "Chess.com"]
[Date "2018.04.17"]
[Round "4"]
[White "GMMatamoros"]
[Black "Arm-Akiba"]
[Result "0-1"]
[WhiteElo "2481"]
[BlackElo "2666"]
[TimeControl "180+2"]
[EndTime "13:52:27 PDT"]
[Termination "Arm-Akiba won by resignation"]

1. Nf3 Nf6 2. c4 b6 3. g3 Bb7 4. Bg2 c5 5. O-O e6 6. Nc3 Be7 7. Re1 d6 8. e4 a6 9. d4 cxd4 10. Nxd4 Qc7 11. Be3 Nbd7 12. Rc1 O-O 13. f4 Rfe8 14.
g4 Nc5 15. Bf2 g6 16. b4 Rad8 17. Qe2 e5 18. Nd5 Bxd5 19. cxd5 exd4 20. bxc5 bxc5 21. h3 Bf8 22. Qd3 Qa5 23. Qc4 Nd7 24. Rb1 Nb6 25. Qb3 Rb8 26. e5 dxe5 27. fxe5 Nd7 28. Qc2 Rxb1 29.
Qxb1 Nxe5 30. Kh1 d3 31. Qb7 d2 32. Rd1 Nd3 33. Bg1 Re1 34. Qb3 Nf2+ 0-1

[Event "*** Biggest EVER Titled Tuesday"]
[Site "Chess.com"]
[Date "2018.04.17"]
[Round "4"]
[White "TheCount"]
[Black "mukhin1"]
[Result "0-1"]
[WhiteElo "2543"]
[BlackElo "2904"]
[TimeControl "180+2"]
[EndTime "13:52:34 PDT"]
[Termination "mukhin1 won by resignation"]

1. d4 e6 2. c4 b6 3. Nf3 Bb7 4.
a3 Nf6 5. Nc3 Bd6 6. g3 O-O 7.
Bg2 Be7 8. O-O d5 9. Ne5 Nbd7 10. Qa4 c6 11. cxd5 cxd5 12. Bf4 Nxe5 13. Bxe5 a6 14. Rac1 Rc8 15. Qc2 b5 16. Qd3 Nd7 17. Bf4 Nb6 18.
e4 Nc4 19. Rc2 dxe4 20. Nxe4 Bd5 21. Rd1 Qd7 22. Nc3 Bxg2 23. Kxg2 Rfd8 24. d5 Qb7 25. Qf3 e5 26. Bc1 Bd6 27. Re2 Qd7 28. Ne4 Bf8 29. g4 Nd6 30. h3 f6 31. Be3 Nxe4 32. Qxe4 Rc4 33. Qd3 Bd6 34. Rc2 e4 35. Qe2 Rxc2 36. Qxc2 f5 37. Qc6 Qf7 38. Bb6 fxg4 39.
Bxd8 Qf3+ 40. Kf1 Qxd1+ 41. Kg2 gxh3+ 42. Kxh3 Qf3+ 43. Kh4 Qxf2+ 44. Kg4 Qf4+ 0-1

[Event "*** Biggest EVER Titled Tuesday"]
[Site "Chess.com"]
[Date "2018.04.17"]
[Round "4"]
[White "Pudor"]
[Black "toad"]
[Result "1-0"]
[WhiteElo "2217"]
[BlackElo "2205"]
[TimeControl "180+2"]
[EndTime "13:52:34 PDT"]
[Termination "Pudor won on time"]

1. d4 Nf6 2. c4 g6 3. Nc3 d5 4.
Nf3 Bg7 5. cxd5 Nxd5 6. e4 Nxc3 7. bxc3 c5 8. Rb1 O-O 9. Be2 Nc6 10. d5 Ne5 11. Nxe5 Bxe5 12. Qd2 e6 13. f4 Bc7 14. O-O exd5 15. exd5 Ba5 16. d6 Rb8 17. Bf3 b6 18. Re1 Bf5 19. Ra1 Re8 20. Bb2 c4 21.
Bc6 Rxe1+ 22. Rxe1 Qf6 23. d7 Rd8 24. Re8+ Kg7 25. Rxd8 Qxd8 26. Qd4+ Kg8 27. Ba3 b5 28. Bxb5 Bb6 29. Bc5 Bxc5 30. Qxc5 h5 31. Qxc4 h4 32. Qe2 Kg7 33. Qe5+ Kh7 34. Qd6 Kg7 35. h3 1-0

[Event "*** Biggest EVER Titled Tuesday"]
[Site "Chess.com"]
[Date "2018.04.17"]
[Round "4"]
[White "guillembaches"]
[Black "lukas_111111"]
[Result "0-1"]
[WhiteElo "2237"]
[BlackElo "2505"]
[TimeControl "180+2"]
[EndTime "13:52:36 PDT"]
[Termination "lukas_111111 won on time"]

1. d4 Nf6 2. Bf4 c5 3. e3 d5 4. c3 Qb6 5. Qb3 c4 6. Qc2 Nc6 7. Nd2 g6 8. e4 Nxe4 9. Nxe4 dxe4 10. Bxc4 Bf5 11. Qb3 Qxb3 12. axb3 Bg7 13. Ne2 O-O 14. Ng3 e5 15. Nxf5 exf4 16. Nxg7 Kxg7 17. O-O f5 18. b4 Rac8 19. Bd5 a6 20. Bxc6 Rxc6 21. Ra5 b5 22. Rfa1 Rff6 23. Kf1 g5 24. d5 Rcd6 25. b3 Rxd5 26.
Rxa6 Rxa6 27. Rxa6 g4 28. Ke2 Rd3 29. Rc6 f3+ 30. gxf3 gxf3+ 31. Ke1 f4 32. Rc5 e3 0-1

[Event "*** Biggest EVER Titled Tuesday"]
[Site "Chess.com"]
[Date "2018.04.17"]
[Round "4"]
[White "GrigorGrigorov"]
[Black "KNVB"]
[Result "1-0"]
[WhiteElo "2667"]
[BlackElo "2582"]
[TimeControl "180+2"]
[EndTime "13:52:37 PDT"]
[Termination "GrigorGrigorov won on time"]

1. d4 Nf6 2. c4 e6 3. g3 c5 4. Nf3 cxd4 5. Nxd4 d5 6. Bg2 Nc6 7. O-O Bc5 8. Nb3 Bb6 9. cxd5 exd5 10. Bg5 O-O 11.
Nc3 h6 12. Bxf6 Qxf6 13. Qxd5 Be6 14. Qf3 Qxf3 15. Bxf3 Rac8 16. Bd5 Bh3 17. Rfd1 Rfe8 18. e3 Ne5 19. Bxb7 Rb8 20. Bg2 Bg4 21. Rd2 Nc4 22.
Rc2 Rbc8 23. Nd5 Bf5 24. e4 Be6 25. Rac1 Bxd5 26. exd5 Nd6 27. Rxc8 Nxc8 28. Kf1 Nd6 29. Rc6 Rd8 30. Nd2 Kf8 31. b4 Ke7 32. a4 Rb8 33.
Nb3 Bd8 34. b5 Nb7 35. Nd4 1-0

[Event "*** Biggest EVER Titled Tuesday"]
[Site "Chess.com"]
[Date "2018.04.17"]
[Round "4"]
[White "alturas_pacificas"]
[Black "StellarChessPro"]
[Result "0-1"]
[WhiteElo "2169"]
[BlackElo "2371"]
[TimeControl "180+2"]
[EndTime "13:52:37 PDT"]
[Termination "StellarChessPro won by resignation"]

1. d4 d5 2. Bf4 Nf6 3. e3 g6 4.
Nf3 Bg7 5. Be2 O-O 6. O-O c5 7. Nc3 cxd4 8. exd4 a6 9. Ne5 Nc6 10. Nxc6 bxc6 11. Be5 Nd7 12. Bxg7 Kxg7 13. Na4 Rb8 14. b3 Qa5 15. Qe1 Qc7 16. Qd2 e6 17. h4 Nf6 18.
h5 Ne4 19. h6+ Kh8 20. Qe3 f6 21. Bf3 Nd6 22. Nc5 Nf5 23. Qd2 e5 24. c3 e4 25.
Be2 g5 26. Bxa6 Nxh6 27. Bxc8 Qxc8 28. a4 Ng4 29. Qe2 f5 30. f3 Nf6 31. fxe4 dxe4 32. a5 f4 33. a6 e3 34. a7 Ra8 35.
g3 Qh3 36. Qg2 Qh6 37. Ne6 Rfc8 38. gxf4 gxf4 39. Rxf4 Rg8 40. Qxg8+ Rxg8+ 41. Kf1 Qh1+ 42. Ke2 Qxa1 0-1

[Event "*** Biggest EVER Titled Tuesday"]
[Site "Chess.com"]
[Date "2018.04.17"]
[Round "4"]
[White "asymptotics"]
[Black "omer1997"]
[Result "0-1"]
[WhiteElo "2004"]
[BlackElo "2082"]
[TimeControl "180+2"]
[EndTime "13:52:40 PDT"]
[Termination "omer1997 won by resignation"]

1. e4 e5 2. d4 exd4 3. Nf3 d5 4. Qxd4 dxe4 5. Qxd8+ Kxd8 6. Ng5 Ke8 7. Nxe4 Bf5 8. Nbc3 Bb4 9. Bd2 Bxe4 10. Nxe4 Bxd2+ 11. Nxd2 Nf6 12. O-O-O Nbd7 13. Bc4 Kf8 14. Ne4 Re8 15. Nxf6 Nxf6 16. g4 h6 17. f4 g5 18. Rhf1 Kg7 19. h4 gxh4 20. g5 Ne4 21. Rd7 Nd6 22. Bb3 h3 23. Rxc7 hxg5 24. fxg5 h2 25. Bxf7 Rc8 26.
Rxc8 Nxc8 27. Bd5 Nd6 28. c4 Rh5 29. c5 Rxg5 30. cxd6 Rg1 31. d7 Rxf1+ 32. Kd2 Rf8 0-1

[Event "*** Biggest EVER Titled Tuesday"]
[Site "Chess.com"]
[Date "2018.04.17"]
[Round "4"]
[White "nihalsarin"]
[Black "Fablibi"]
[Result "1/2-1/2"]
[WhiteElo "2736"]
[BlackElo "2522"]
[TimeControl "180+2"]
[EndTime "13:52:42 PDT"]
[Termination "Game drawn by repetition"]

1. Nf3 Nf6 2. g3 g6 3. b3 Bg7 4. Bb2 d6 5. Bg2 c5 6. c4 O-O 7. O-O Nc6 8. d4 cxd4 9. Nxd4 Bd7 10. Nc3 Rc8 11. Rc1 Qa5 12. Nxc6 Bxc6 13. Qd3 Nd7 14. Rfd1 Rfd8 15. Qd2 Bxg2 16. Kxg2 Nf6 17. Rc2 Kf8 18. Qd3 a6 19. a4 Qb4 20. Na2 Qb6 21. e4 Nd7 22. Bxg7+ Kxg7 23. f3 Nc5 24. Qc3+ Kg8 25. Rb2 a5 26. Nc1 Na6 27. Ne2 Qb4 28. Qxb4 Nxb4 29.
Nc3 Kf8 30. Rbd2 Rc5 31. Kf2 Rdc8 32. Ke3 h5 33. h4 Ke8 34. Nb5 Kd7 35. f4 f6 36. Nd4 Nc6 37. Nb5 Nb4 38. Kf3 Ke6 39. Ke3 Kd7 1/2-1/2

[Event "*** Biggest EVER Titled Tuesday"]
[Site "Chess.com"]
[Date "2018.04.17"]
[Round "4"]
[White "Cecile-Haussernot"]
[Black "Supernotar"]
[Result "1-0"]
[WhiteElo "2323"]
[BlackElo "2439"]
[TimeControl "180+2"]
[EndTime "13:52:43 PDT"]
[Termination "Cecile-Haussernot won by checkmate"]

1. e4 c6 2. d4 d5 3. e5 Bf5 4. h4 h5 5. Bd3 Bxd3 6. Qxd3 Qa5+ 7.
Bd2 Qa6 8. e6 Qxd3 9. exf7+ Kxf7 10. cxd3 Nd7 11. Nf3 e6 12. O-O Be7 13. Re1 Bf6 14.
Nc3 Nh6 15. Bxh6 Rxh6 16. Ng5+ Bxg5 17. hxg5 Rhh8 18. f4 g6 19. Re2 Rae8 20. Rae1 Re7 21. Nd1 Nb6 22. Nc3 Nc8 23. Nb1 Nd6 24. Nd2 Nf5 25.
Nf3 Rhe8 26. Rc1 Rc8 27. Rc3 Rec7 28. b4 a6 29. a4 Ke7 30. Kf2 Kd6 31. Rec2 b6 32.
Rb3 Ra8 33. a5 Rb8 34. Ra2 Rcb7 35. axb6 Rxb6 36. Rc3 Rxb4 37. Rxa6 Rb2+ 38. Kg1 R8b6 39. Ra7 Ne3 40. Nh4 Rb1+ 41. Kh2 Ng4+ 42. Kg3 Re1 43.
Rg7 Rb2 44. Ra3 Re3+ 45. Nf3 Ree2 46. Raa7 Rxg2+ 47. Kh4 c5 48. Ra6+ Rb6 49. Rxb6# 1-0

[Event "*** Biggest EVER Titled Tuesday"]
[Site "Chess.com"]
[Date "2018.04.17"]
[Round "4"]
[White "Kangoroo3000"]
[Black "Quiet_Desperation"]
[Result "0-1"]
[WhiteElo "2423"]
[BlackElo "2414"]
[TimeControl "180+2"]
[EndTime "13:52:48 PDT"]
[Termination "Quiet_Desperation won by resignation"]

1. d4 Nf6 2. c4 e6 3. g3 Bb4+ 4. Bd2 Qe7 5. Bg2 Nc6 6. e3 O-O 7.
Ne2 Bxd2+ 8. Nxd2 d6 9. O-O e5 10. d5 Nb8 11. b4 c6 12. Nc3 cxd5 13. Nxd5 Nxd5 14. Bxd5 Nc6 15. Qb3 Be6 16. a4 Bxd5 17. cxd5 Nb8 18. Rfc1 Na6 19. Rc3 f5 20. Rac1 f4 21.
b5 Nc5 22. Qb4 fxg3 23. hxg3 Qf7 24. Rf1 Qxd5 25. Qc4 Qxc4 26. Rxc4 Kf7 27. f4 Ke6 28.
Nf3 exf4 29. gxf4 h6 30. Rd1 Rac8 31. Rcd4 Rfd8 32. Nh4 g6 33. Kf2 g5 34. f5+ Kf6 35. Ng6 Rc7 36. Rxd6+ Rxd6 37. Rxd6+ Kxf5 38. Nh8 Ne4+ 39.
Kf3 Nxd6 0-1

[Event "*** Biggest EVER Titled Tuesday"]
[Site "Chess.com"]
[Date "2018.04.17"]
[Round "4"]
[White "Andreikka"]
[Black "Imre91"]
[Result "0-1"]
[WhiteElo "2792"]
[BlackElo "2692"]
[TimeControl "180+2"]
[EndTime "13:52:53 PDT"]
[Termination "Imre91 won by resignation"]

1. d4 d5 2. Nf3 Nf6 3. Bf4 Bf5 4. e3 e6 5. c4 Bxb1 6. Qxb1 Bb4+ 7. Kd1 Bd6 8. Bg3 O-O 9. cxd5 exd5 10. Bd3 Re8 11. Ke2 a6 12. Bh4 h6 13. Rc1 Nbd7 14. Bf5 c6 15. Bxd7 Qxd7 16. Bxf6 gxf6 17. g3 Qh3 18. Qd3 Re4 19. Kd1 Qg4 20. Qe2 Rae8 21. Rc3 f5 22.
Kc2 f4 23. gxf4 Qxf4 24. Rg1+ Kh8 25. Kb1 Qf5 26. Ka1 Rf4 27. Rg3 Qh5 28. Rc2 Rf5 29. Ne5 Rxf2 30. Qd3 Bxe5 31. dxe5 Qxh2 32. Rxf2 Qxf2 33.
e4 0-1

[Event "*** Biggest EVER Titled Tuesday"]
[Site "Chess.com"]
[Date "2018.04.17"]
[Round "4"]
[White "gmjlh"]
[Black "Parhamov"]
[Result "0-1"]
[WhiteElo "2565"]
[BlackElo "2786"]
[TimeControl "180+2"]
[EndTime "13:52:53 PDT"]
[Termination "Parhamov won on time"]

1. d4 Nf6 2. Nf3 g6 3. c4 Bg7 4. g3 O-O 5. Bg2 Nc6 6. O-O a6 7. Nc3 Rb8 8. d5 Na5 9. c5 d6 10. Qa4 c6 11. dxc6 Nxc6 12. cxd6 b5 13. Qh4 Bb7 14.
Rd1 b4 15. Na4 Qa5 16. b3 exd6 17. Bb2 Ne8 18. Bxg7 Nxg7 19. Ng5 h5 20. Ne4 Qe5 21. f4 Qa5 22. Rxd6 Nf5 23. Nf6+ Kh8 24. Qg5 Nce7 25. e4 Qc7 26. Rd7 Qc2 27. Rxe7 Rbd8 28. h3 Rd2 29.
Bf1 Rh2 30. Ng4 hxg4 31. Qf6+ Kg8 32. Qb6 Nxg3 0-1

[Event "*** Biggest EVER Titled Tuesday"]
[Site "Chess.com"]
[Date "2018.04.17"]
[Round "4"]
[White "Slovak_fighter2000"]
[Black "stalyansky"]
[Result "1/2-1/2"]
[WhiteElo "2258"]
[BlackElo "2129"]
[TimeControl "180+2"]
[EndTime "13:52:53 PDT"]
[Termination "Game drawn by agreement"]

1. d4 d5 2. Nf3 Nf6 3. Bf4 c5 4. e3 Nc6 5. Nbd2 e6 6. c3 Bd6 7. Bg3 O-O 8. Bd3 b6 9. O-O Bb7 10. Qe2 Ne7 11. Bxd6 Qxd6 12. Ne5 Ne4 13. Nxe4 dxe4 14. Bc2 f6 15. Nc4 Qc7 16. Nd2 f5 17.
Bb3 Bd5 18. f3 exf3 19. Nxf3 Rad8 20. Ne5 Nc6 21. Nxc6 Qxc6 22. Bxd5 Qxd5 23. a4 cxd4 24. exd4 Rf6 25. Qb5 Rg6 26. Qxd5 Rxd5 27. Rae1 Kf7 28. Re2 Rg4 29. h3 Rg6 30. Kf2 h5 31. g3 Rf6 32.
h4 f4 33. Kg2 fxg3 34. Rxf6+ gxf6 35. Kxg3 Ra5 36. b3 b5 37. axb5 Rxb5 38. b4 a5 39. bxa5 Rxa5 40. Rc2 Ra3 41. Kf4 e5+ 42. dxe5 fxe5+ 43.
Kxe5 Ra1 44. Kf5 Rg1 45. c4 Rg4 46. c5 Ke7 47. c6 Kd8 48. Rc5 Rxh4 49. Ke6 Kc7 50. Kd5 Rh1 51. Rc4 h4 52. Rg4 Rd1+ 53. Kc5 Rc1+ 54. Kd5 Rxc6 55. Rxh4 Kb6 56. Rb4+ Ka5 57.
Rb8 Rc1 58. Ra8+ Kb6 59. Rb8+ Ka7 60. Rb4 Rd1+ 1/2-1/2

[Event "*** Biggest EVER Titled Tuesday"]
[Site "Chess.com"]
[Date "2018.04.17"]
[Round "4"]
[White "EndgameGrinder"]
[Black "TastyFrenchFries"]
[Result "0-1"]
[WhiteElo "2482"]
[BlackElo "2332"]
[TimeControl "180+2"]
[EndTime "13:52:57 PDT"]
[Termination "TastyFrenchFries won by resignation"]

1. e4 e6 2. d4 d5 3. Nd2 Nf6 4. e5 Nfd7 5. Bd3 c5 6. c3 Nc6 7. Ne2 cxd4 8. cxd4 f6 9. exf6 Nxf6 10. Nf3 Bd6 11.
O-O Qc7 12. Bg5 O-O 13. Bh4 h6 14. Bg3 Bd7 15. Rc1 Bxg3 16. Nxg3 Qd6 17. Bb1 Qb4 18.
b3 Rac8 19. Qd3 Ne7 20. Nh5 Nxh5 21. Qh7+ Kf7 22. Ne5+ Ke8 23. Bg6+ Nxg6 24. Qxg6+ Kd8 25. Qxh5 Rxc1 26. Rxc1 Qxd4 27. Nf3 Qf4 28. Re1 Kc7 29. h3 Be8 30. Qe5+ Qxe5 31. Rxe5 Kd6 32. Re3 Bg6 33. g4 a6 34. Kf1 Be4 35. Nd2 Bg6 36. Nf3 Rc8 37.
h4 Be4 38. Nd2 Rc1+ 39. Ke2 Bc2 40. Nf3 Rh1 41. Nd4 Bd1+ 42. Kd2 Bxg4 43. Rg3 Rxh4 44. f3 Bh5 45. Ne2 g5 46. Ke3 Rh2 47.
Rg1 e5 48. Ng3 d4+ 49. Kd3 Bxf3 50. a4 Kd5 51. Re1 e4+ 52. Nxe4 Bxe4+ 53. Rxe4 Rh3+ 0-1